 Dungeon Crawl Stone Soup version 0.23-a0-473-gc8aadda (webtiles) character file.

119 Amnesiac the Digger (level 4, 18/18 HPs)
             Began as a Felid Earth Elementalist on Nov 27, 2018.
             Quit the game on level 5 of the Dungeon.
             The game lasted 00:03:28 (1461 turns).

Amnesiac the Digger (Felid Earth Elementalist)      Turns: 1461, Time: 00:03:28

Health: 18/18      AC:  1    Str:  4    XL:     4   Next: 73%
Magic:  9/9        EV: 18    Int: 17    God:
Gold:   83         SH:  0    Dex: 17    Spells: 6/9 levels left
                                        Lives:  0   Deaths: 1

rFire    . . .     SeeInvis +     - Unarmed
rCold    . . .     Gourm    .   (shield unavailable)
rNeg     . . .     Faith    .   (armour unavailable)
rPois    .         Spirit   .   (helmet unavailable)
rElec    .         Reflect  .   (cloak unavailable)
rCorr    .         Harm     .   (gloves unavailable)
MR       .....                  (boots unavailable)
Stlth    +++.......             f - amulet of magic regeneration
HPRegen  0.06/turn              (no ring)
MPRegen  0.36/turn              (no ring)

@: quick
A: very small, no armour, no weapons or thrown items, stealth, claws 1, fangs 3,
see invisible, carnivore, speed 1, shaggy fur 1, slow metabolism 1, sharp paws
a: no special abilities


You were on level 5 of the Dungeon.
You were not hungry.

You visited 1 branch of the dungeon, and saw 5 of its levels.

You collected 83 gold pieces.

Inventory:

Missiles
 b - 18 stones
Jewellery
 f - an amulet of magic regeneration (around neck)
Scrolls
 a - a scroll of remove curse {!r, unknown}
Potions
 d - a potion of heal wounds {!q, unknown}
 e - a potion of curing {!q}
 h - a potion of might {!q, unknown}
Comestibles
 c - 3 rations
 g - 2 chunks of flesh


   Skills:
 - Level 2.6 Dodging
 - Level 3.0 Stealth
 - Level 2.2 Unarmed Combat
 + Level 3.2 Spellcasting
 - Level 1.1 Transmutations
 * Level 4.6 Earth Magic


You had 6 spell levels left.
You knew the following spells:

 Your Spells              Type           Power        Failure   Level  Hunger
a - Sandblast             Erth           ###...       2%          1    None
b - Passwall              Tmut/Erth      ##......     8%          2    ##.....

Your spell library contained the following spells:

 Spells                   Type           Power        Failure   Level  Hunger
 Stone Arrow              Conj/Erth      ##....       21%         3    ###....
 Petrify                  Tmut/Erth      ##......     45%         4    ####...
 Lee's Rapid Deconstruct  Erth           ###.......   56%         5    ######.


Dungeon Overview and Level Annotations

Branches:
Dungeon (5/15)
 Temple: D:4-7

Altars:

Annotations:
D:4 2 runed doors, Dowan; Duvessa; royalsmiley's ghost, amateur DDFi


Innate Abilities, Weirdness & Mutations

You cannot wear armour.
You are incapable of wielding weapons or throwing items.
Your paws allow you to move quietly. (Stealth)
You have sharp claws.
You have razor-sharp teeth.
You have supernaturally acute eyesight. (SInv)
You are carnivorous and can eat meat at any time.
You cover ground quickly.
You are covered in fur. (AC +1)
You have a slow metabolism.
Your sharp claws are effective at attacking unaware monsters.


Message History

Casting: Sandblast (safe; 3% risk of failure)
Confirm with . or Enter, or press ? or * to list all spells.
Aiming: Sandblast (safe; 3% risk of failure)
Press: ? - help, Shift-Dir - straight line, f/p - centaur
Aim: a centaur (almost dead)
The blast of sand hits the centaur.
You kill the centaur!
Training target 2.0 for Unarmed Combat reached!
Your Unarmed Combat skill increases to level 2!
b - 21 stones The orc priest misses you.
Unknown command.
There is an open door here.
Really quaff
e - 3 fizzy white potions {!q}?
It was a potion of curing {!q}.
You feel better.
Really quaff
e - 2 potions of curing {!q}?
You feel better.
The orc priest invokes the aid of Beogh against you.
Pain shoots through your body!
A howler monkey comes into view.
Casting: Sandblast (safe; 2% risk of failure)
Confirm with . or Enter, or press ? or * to list all spells.
Aiming: Sandblast (safe; 2% risk of failure)
Press: ? - help, Shift-Dir - straight line, f - orc priest
Aim: an orc priest, wielding a +0 trident and wearing a cursed +0 chain mail The blast of sand hits the orc priest.
The orc priest is moderately wounded.
b - 20 stones The howler monkey howls!
You hear an angry hiss.
The orc priest calls down the wrath of Beogh upon you.
Pain shoots through your body!
Ouch! That really hurt!
* * * LOW HITPOINT WARNING * * *
Unknown command.
Casting: Sandblast (safe; 2% risk of failure)
Confirm with . or Enter, or press ? or * to list all spells.
Aiming: Sandblast (safe; 2% risk of failure)
Press: ? - help, Shift-Dir - straight line, f/p - orc priest
Aim: an orc priest, wielding a +0 trident and wearing a cursed +0 chain mail The blast of sand hits the orc priest.
The orc priest is moderately wounded.
b - 19 stones Unknown command.
Casting: Sandblast (safe; 2% risk of failure)
Confirm with . or Enter, or press ? or * to list all spells.
Aiming: Sandblast (safe; 2% risk of failure)
Press: ? - help, Shift-Dir - straight line, f/p - orc priest
Aim: an orc priest, wielding a +0 trident and wearing a cursed +0 chain mail The blast of sand hits the orc priest.
The orc priest is moderately wounded.
b - 18 stones The howler monkey hoots and howls with incredible vigour!
The orc priest mumbles some strange prayers to Beogh against you.
Beogh smites you!
You die...
You hear a shout! x3; You hear a howl!
You hear an angry hiss.
You hear a bark!
You are now level 4!
You rejoin the land of the living...
Found a pair of boots.
Unknown command.
Saving game... please wait.
Welcome back, Amnesiac the Felid Earth Elementalist.
Press ? for a list of commands and other information.
Are you sure you want to abandon this character and quit the game? (Confirm

...$#
.....#
......#
######.#
#######
#.....#
#@# #.#
#[# #.#
#.# #.#
#.# #.#


There were no monsters in sight!

Vanquished Creatures
  A centaur (D:5)
  A centaur skeleton (D:4)
  An iguana (D:5)
  2 worker ants (D:4)
  2 adders (D:4)
  An ooze (D:1)
  3 orcs (D:4)
  5 bats
  3 giant cockroaches
  3 hobgoblins
  3 jackals (D:3)
  A ball python (D:4)
  4 frilled lizards
  2 goblins
  2 rats (D:1)
34 creatures vanquished.

Notes
Turn   | Place    | Note
-------+----------+-------------------------------------------
     0 | D:1      | Amnesiac the Felid Earth Elementalist began the quest for
                  | the Orb.
     0 | D:1      | Reached XP level 1. HP: 7/7 MP: 4/4
   157 | D:1      | Reached skill level 3 in Earth Magic
   157 | D:1      | Reached XP level 2. HP: 9/11 MP: 0/6
   593 | D:5      | Entered Level 5 of the Dungeon
   597 | D:4      | Found a runed door.
   599 | D:4      | Reached XP level 3. HP: 14/14 MP: 4/7
   603 | D:4      | Learned a level 2 spell: Passwall
   648 | D:4      | Reached skill level 1 in Unarmed Combat
   649 | D:4      | Noticed Duvessa
   775 | D:4      | Reached XP level 4. HP: 17/18 MP: 6/9
   885 | D:4      | Found a runed door.
   885 | D:4      | Noticed royalsmiley's ghost (amateur DDFi)
  1156 | D:4      | Reached skill level 4 in Earth Magic
  1370 | D:4      | Noticed Dowan
  1414 | D:5      | Noticed a centaur
  1423 | D:5      | Reached XP level 5. HP: 16/21 MP: 5/10
  1449 | D:5      | Killed a centaur
  1460 | D:5      | Killed from afar by an orc priest
  1461 | D:5      | Reached XP level 4. HP: -7/18 MP: 6/9
  1461 | D:5      | Quit the game

Vault maps used:
D:1:      psy_arrival_heroes
D:2:      grunt_temple_overflow_gold_and_silver, makhleb_blood_cavern_becter,
          minmay_tetromino_i4
D:3:      nicolae_ru_the_path_less_chosen, first_ration, kennysheep_crisscross,
          minmay_fractal_squares_diagonal_5
D:4:      ebering_ghost_sewer_f, uniq_duvessa
D:5:      serial_shops, nicolae_shop_waterfront, trog_book

Skill      XL: |  1  2  3  4  5 |
---------------+----------------+-----
Stealth        | 3 |  3.0
Earth Magic    | 3 4 |  4.6
Unarmed Combat | 1 2 |  2.2
Spellcasting   | 3 |  3.2
Dodging        | |  2.6
Transmutations | |  1.1

Action                   |  1- 3 |  4- 6 || total
-------------------------+-------+-------++-------
Melee: Unarmed           |    16 |     4 ||    20
       Bite              |     2 |       ||     2
 Cast: Sandblast         |    40 |    31 ||    71
       Passwall          |     1 |     1 ||     2
  Use: Potion            |       |     2 ||     2
 Stab: Sleeping          |     4 |     1 ||     5
  Eat: Chunk             |     7 |     2 ||     9
Armor: Skin              |     1 |       ||     1
Dodge: Dodged            |    22 |    18 ||    40

Table legend:
 A = Non-vault XP
 B = Vault XP
 C = Vault XP percentage of total XP
 D = Non-vault monster count
 E = Vault monster count
 F = Vault count percentage of total count
                 A         B        C        D         E       F
            +---------+---------+-------+---------+---------+-------
      Total |     328 |       4 |   1.2 |      32 |       2 |   5.9
            +---------+---------+-------+---------+---------+-------
        D:1 |      20 |       0 |   0.0 |      10 |       0 |   0.0
        D:2 |       4 |       4 |  50.0 |       2 |       2 |  50.0
        D:3 |      11 |       0 |   0.0 |       6 |       0 |   0.0
        D:4 |     148 |       0 |   0.0 |      12 |       0 |   0.0
        D:5 |     145 |       0 |   0.0 |       2 |       0 |   0.0
            +---------+---------+-------+---------+---------+-------
